 Dungeon Crawl Stone Soup version 0.17-a0-848-g7e5c6af (webtiles) character file.

26170 namelastname112 the Quickloader (level 12, -17/110 HPs)
             Began as a Green Draconian Hunter on Apr 27, 2015.
             Was a High Priest of Okawaru.
             Killed from afar by an ice dragon (25 damage)
             ... with a blast of cold
             ... in an ice cave.
             The game lasted 00:50:22 (20542 turns).

namelastname112 the Quickloader (DrHu)             Turns: 20542, Time: 00:50:22

Health: -17/110    AC: 10    Str: 17    XL:     12   Next: 96%
Magic:  17/17      EV: 21    Int: 13    God:    Okawaru [*****.]
Gold:   1214       SH:  0    Dex: 15    Spells: 1 memorised, 12 levels left

rFire  . . .     SeeInvis +     b - +1 hand crossbow
rCold  + . .     Clarity  .     (armour unavailable)
rNeg   . . .     SustAb   .     (no shield)
rPois  +         Gourm    .     (helmet restricted)
rElec  .         Spirit   .     (no cloak)
rCorr  .         Warding  .     (no gloves)
rMut   .         Stasis   .     (no boots)
MR     .....                    (no amulet)
Stlth  +++.......               u - ring of see invisible
                                V - +2 ring of protection

@: short of breath, heroism, very slightly contaminated, not resistant to
hostile enchantments, fairly stealthy
A: breathe noxious fumes, unfitting armour, hooves 1, horns 1, cold resistance
1, poison resistance, strong 1, evolution 1, cold-blooded, AC +8
a: Breathe Noxious Fumes, Heroism, Finesse, Renounce Religion


You were in an ice cave.
You worshipped Okawaru.
Okawaru was extremely pleased with you.
You were not hungry.

You visited 3 branches of the dungeon, and saw 16 of its levels.
You also visited: Ice Cave.

You collected 1214 gold pieces.

Inventory:

Hand weapons
 a - a +3 glaive of freezing
 b - a +1 hand crossbow (weapon)
Missiles
 c - 42 bolts
 i - a bolt of flame (quivered)
 s - 3 bolts of penetration
 L - 3 bolts of frost
Jewellery
 r - an uncursed ring of protection from fire
 u - a ring of see invisible (right hand)
 x - an uncursed ring of protection from fire
 C - an uncursed ring of magical power
 G - an uncursed ring of ice
 V - a +2 ring of protection (left hand)
 W - an uncursed ring of flight
Magical devices
 k - a wand of flame (12)
 v - a wand of digging (21)
 B - a wand of magic darts (8)
 D - a wand of confusion (16)
 I - a wand of enslavement (9)
 K - a wand of frost (31)
 O - a wand of teleportation (3)
 R - a wand of draining (12)
 U - a wand of confusion (32)
Scrolls
 g - a scroll of blinking
 h - 6 scrolls of remove curse
 j - 3 scrolls of recharging
 m - a scroll of enchant weapon
 t - 2 scrolls of immolation
 F - a scroll of enchant armour
 P - a scroll of amnesia
 T - a scroll of teleportation
 X - a scroll of fog
 Y - a scroll of magic mapping
Potions
 f - 3 potions of haste
 n - 3 potions of brilliance
 o - 4 potions of agility
 q - 2 potions of berserk rage
 z - 2 potions of cancellation
 A - a potion of invisibility
 H - a potion of magic
 N - a potion of heal wounds
 Q - 4 potions of curing
Books
 e - a book of Transfigurations

   Spells                             Type                      Level
   a - Stoneskin                      Transmutation/Earth          2
   b - Irradiate                      Conjuration/Transmutation    5
   c - Statue Form                    Transmutation/Earth          6
   d - Hydra Form                     Transmutation                6
   e - Dragon Form                    Transmutation                7
 l - a book of Clouds

   Spells                             Type                      Level
   a - Mephitic Cloud                 Conjuration/Poison/Air       3
   b - Conjure Flame                  Conjuration/Fire             3
   c - Poisonous Cloud                Conjuration/Poison/Air       6
   d - Freezing Cloud                 Conjuration/Ice/Air          6
   e - Ring of Flames                 Charms/Fire                  7
 p - a book of Flames

   Spells                             Type                      Level
   a - Flame Tongue                   Conjuration/Fire             1
   b - Throw Flame                    Conjuration/Fire             2
   c - Conjure Flame                  Conjuration/Fire             3
   d - Inner Flame                    Hexes/Fire                   3
   e - Sticky Flame                   Conjuration/Fire             4
   f - Fireball                       Conjuration/Fire             5
 w - a book of Ice

   Spells                             Type                      Level
   a - Ice Form                       Ice/Transmutation            4
   b - Metabolic Englaciation         Hexes/Ice                    5
   c - Ozocubu's Refrigeration        Ice                          6
   d - Bolt of Cold                   Conjuration/Ice              6
   e - Freezing Cloud                 Conjuration/Ice/Air          6
   f - Simulacrum                     Ice/Necromancy               6
 y - a book of Envenomations

   Spells                             Type                      Level
   a - Spider Form                    Transmutation/Poison         3
   b - Alistair's Intoxication        Transmutation/Poison         4
   c - Olgreb's Toxic Radiance        Poison                       4
   d - Poisonous Cloud                Conjuration/Poison/Air       6
 Z - Alistair's Almanac of Envenoming
   (You found it on level 3 of the Lair of Beasts)

   Spells                             Type                      Level
   a - Cure Poison                    Poison                       2
   b - Ignite Poison                  Fire/Transmutation/Poison    3
   c - Spider Form                    Transmutation/Poison         3
   d - Poisonous Cloud                Conjuration/Poison/Air       6
Miscellaneous
 J - a lamp of fire
Comestibles
 d - 11 bread rations
 E - 2 royal jellies
 M - 5 meat rations
 S - 6 fruits


   Skills:
 + Level 11.0(16.0) Fighting
 + Level 9.2(14.2) Polearms
 * Level 12.7(17.7) Crossbows
 + Level 9.1(14.1) Dodging
 - Level 0.8(5.8) Stealth
 + Level 3.5 Spellcasting
 + Level 4.6 Poison Magic


You had 12 spell levels left.
You knew the following spells:

 Your Spells              Type           Power        Failure   Level  Hunger
a - Poisonous Cloud       Conj/Pois/Air  #.........   100%        6    #######


Dungeon Overview and Level Annotations

Branches:
Dungeon (11/15)            Temple (1/1) D:4            Lair (4/8) D:11
 Shoals (0/4) Lair:3          Orc (0/4) D:10
  Snake: Lair:3-6    Spider: Lair:3-6

Altars:
Ashenzari
Cheibriados
Dithmenos
Elyvilon
Fedhas
Gozag
Kikubaaqudgha
Makhleb
Nemelex Xobeh
Okawaru
Qazlal
Ru
Sif Muna
Trog
Vehumet
Xom
Yredelemnul
Zin
The Shining One
Beogh

Shops:
D:9 (

Annotations:
D:10 exclusions: ice statue and obsidian statue


Innate Abilities, Weirdness & Mutations

You can breathe blasts of noxious fumes.
Your lurid green scales are hard (AC +8).
Your body does not fit into most forms of armour.
Your system is resistant to poisons.
You are cold-blooded and may be slowed by cold attacks.
You have large cloven feet.
You have a pair of small horns on your head.
Your flesh is cold resistant.
Your muscles are strong. (Str +2)
You evolve.


Message History

The ice dragon tramples you but does no damage.
Read which item? (? for menu, Esc to quit)
Blink to where?
Press: ? - help, Dir - move target cursor, p - ice dragon You are very lightly contaminated with residual magic.
As you read the scroll of blinking, it crumbles to dust.
You have got your breath back.
Use which ability? (? or * to list)
Press: ? - help, Shift-Dir - straight line, f - ice dragon
Aim: an ice dragon (heavily wounded)
You exhale a blast of noxious fumes.
The blast of choking fumes hits the ice dragon.
The ice dragon is heavily wounded.
You feel somewhat more hungry. The ice dragon breathes frost at you.
The blast of cold hits you! You resist.
* * * LOW HITPOINT WARNING * * *
The ice dragon breathes frost at you. The blast of cold hits you! You resist.
You die...

#.........####
##..........##.
##..............
##..............#
#..##.........###
##.###........##
# #..#
##........# #
#.## #.......## #
##@# ##.....##
#..# #.....# #§.#
##..### ##§.#
##.#.# ##§.##
#..### ###D.##
##.## #..§##
##..# ###.###
#..## # ##.#..#
##..# ###


You could see an ice dragon.

Vanquished Creatures
  Erolcha (D:11)
  Fannar (Lair:3)
  4 hydras
  A centaur warrior (D:9)
  Sonja (Lair:1)
  2 ice statues (IceCv)
  Pikel (D:9)
  A hill giant (D:11)
  A griffon (Lair:3)
  5 black mambas
  2 spiny frogs
  2 centaur zombies
  2 komodo dragons
  The ghost of namelastname112 the Bolt Thrower, an average DrHu of Okawaru (D:4)
  Grinder (D:3)
  Prince Ribbit (D:7)
  3 trolls
  A wraith (D:10)
  2 spriggans
  Eustachio (D:5)
  A deep elf mage (D:7)
  6 yaks (Lair:1)
  7 wolves
  Menkaure (D:7)
  3 hippogriffs
  3 water moccasins
  Edmund (D:5)
  2 basilisks
  2 hungry ghosts
  Duvessa (D:5)
  A swamp drake (D:11)
  11 porcupines
  A wasp (Lair:2)
  32 ice beasts
  4 ogres
  3 phantoms
  A slave (D:9)
  6 centaurs
  5 crocodiles
  5 orc warriors
  13 giant frogs
  Dowan (D:5)
  A water moccasin zombie (D:9)
  2 wyvern skeletons
  3 scorpions
  7 killer bees
  8 wights
  3 crimson imps
  2 giant frog zombies (D:10)
  2 electric eels
  13 orc wizards
  8 jellies
  3 quasits
  8 hounds
  10 orc priests
  2 giant frog skeletons
  A gnoll shaman (D:9)
  9 iguanas
  7 worker ants
  4 sheep (Lair:4)
  2 hound zombies
  A worker ant zombie (D:8)
  17 adders
  18 river rats
  6 gnolls
  4 shadow imps
  2 oozes (D:4)
  4 adder skeletons
  7 worms
  6 giant geckos
  37 orcs
  2 ball pythons
  A bat skeleton (D:5)
  3 bat zombies
  8 giant cockroaches
  16 goblins
  16 hobgoblins
  8 jackals
  6 quokkas
  18 bats
  A giant gecko zombie (D:5)
  4 giant newts
  A giant spore (D:10)
  10 kobolds
  20 rats
  26 ballistomycetes
  3 plants (Lair:3)
484 creatures vanquished.

Vanquished Creatures (others)
  2 slaves (D:9)
  2 bats (D:9)
  2 giant spores
  A fungus (Lair:3)
7 creatures vanquished.

Grand Total: 491 creatures vanquished

Notes
Turn   | Place    | Note
--------------------------------------------------------------
     0 | D:1      | namelastname112, the Draconian Hunter, began the quest for the Orb.
     0 | D:1      | Reached XP level 1. HP: 17/17 MP: 1/1
   254 | D:1      | Reached XP level 2. HP: 22/25 MP: 2/2
   579 | D:1      | Reached skill level 4 in Crossbows
   745 | D:2      | Found a shadowy altar of Dithmenos.
   772 | D:2      | Reached XP level 3. HP: 16/30 MP: 3/3
  1263 | D:2      | Reached XP level 4. HP: 28/38 MP: 4/4
  1804 | D:3      | Reached skill level 5 in Crossbows
  1804 | D:3      | Reached XP level 5. HP: 45/45 MP: 5/5
  1851 | D:3      | Found a sacrificial altar of Ru.
  2340 | D:3      | Noticed Grinder
  2346 | D:3      | Paralysed by Grinder for 4 turns
  2363 | D:3      | Killed Grinder
  2363 | D:3      | Reached skill level 1 in Polearms
  2363 | D:3      | Reached XP level 6. HP: 30/52 MP: 6/6
  2514 | D:4      | Found a sparkling altar of Nemelex Xobeh.
  2862 | D:4      | Your scales start taking on a lurid green colour.
  2862 | D:4      | Gained mutation: Your system is resistant to poisons. [Green Draconian growth]
  2862 | D:4      | Reached XP level 7. HP: 60/60 MP: 7/7
  2901 | D:4      | Noticed namelastname112's ghost (average DrHu)
  3059 | D:4      | Reached skill level 6 in Crossbows
  3183 | D:4      | Found a staircase to the Ecumenical Temple.
  3268 | Temple   | Entered the Ecumenical Temple
  3529 | D:4      | Killed namelastname112's ghost
  3529 | D:4      | Reached skill level 5 in Fighting
  4084 | D:4      | Found a shattered altar of Ashenzari.
  4143 | D:5      | Entered Level 5 of the Dungeon
  4186 | D:5      | Noticed Edmund
  4208 | D:5      | Killed Edmund
  4208 | D:5      | Reached XP level 8. HP: 36/69 MP: 8/8
  4480 | D:5      | Noticed Dowan
  4482 | D:5      | Noticed Duvessa
  4497 | D:5      | Killed Duvessa
  4497 | D:5      | Reached skill level 7 in Crossbows
  4505 | D:5      | Killed Dowan
  5443 | D:5      | HP: 3/70 [orc/club (3)]
  5603 | D:5      | Noticed Eustachio
  5617 | D:5      | Killed Eustachio
  5884 | D:5      | Gained mutation: Your muscles are strong. (Str +2) [potion of beneficial mutation]
  6216 | D:6      | Reached skill level 8 in Crossbows
  6216 | D:6      | Reached XP level 9. HP: 60/78 MP: 9/9
  6222 | D:5      | Reached skill level 5 in Dodging
  7264 | D:6      | Reached skill level 5 in Polearms
  7795 | D:7      | Found a radiant altar of Vehumet.
  7817 | D:7      | Noticed Prince Ribbit
  7841 | D:7      | Killed Prince Ribbit
  7841 | D:7      | Reached skill level 9 in Crossbows
  8288 | D:7      | Noticed Menkaure
  8303 | D:7      | Killed Menkaure
  8470 | D:7      | Found an iron altar of Okawaru.
  8485 | D:7      | Became a worshipper of Warmaster Okawaru
  8734 | D:7      | Gained mutation: Your flesh is cold resistant. [potion of beneficial mutation]
  8896 | D:7      | Reached XP level 10. HP: 30/88 MP: 10/10
  9662 | D:7      | Acquired Okawaru's first power
  9961 | D:8      | Got a crystal trident
  9983 | D:8      | Identified the cursed +1 trident "Noingin" {vamp, rN+ MP+9 Str+6} (You found it on level 8 of the Dungeon)
 10427 | D:8      | Found a shimmering altar of Xom.
 10961 | D:9      | Noticed Pikel
 10989 | D:9      | Killed Pikel
 10989 | D:9      | Reached skill level 10 in Crossbows
 11770 | D:9      | Found Plog's Antique Weapon Shop.
 12064 | D:9      | HP: 3/90 [acid (15)]
 12440 | D:9      | Noticed a centaur warrior
 12446 | D:9      | Killed a centaur warrior
 12520 | D:9      | Reached XP level 11. HP: 79/97 MP: 11/11
 12764 | D:10     | Entered Level 10 of the Dungeon
 12799 | D:10     | Received a gift from Okawaru
 12830 | D:10     | Noticed an ice statue
 12891 | D:10     | Noticed an obsidian statue
 13370 | D:10     | Found a staircase to the Orcish Mines.
 13375 | D:10     | Found a roughly hewn altar of Beogh.
 13836 | D:11     | Reached skill level 11 in Crossbows
 14511 | D:11     | Noticed Erolcha
 14681 | D:11     | Noticed a hill giant
 14695 | D:11     | Killed a hill giant
 14748 | D:11     | Killed Erolcha
 14911 | D:11     | Found a staircase to the Lair.
 15085 | Lair:1   | Entered Level 1 of the Lair of Beasts
 15091 | Lair:1   | Noticed Sonja
 15097 | Lair:1   | Killed Sonja
 15097 | Lair:1   | Acquired Okawaru's second power
 15434 | Lair:1   | Gained mutation: You evolve. [potion of beneficial mutation]
 15444 | Lair:1   | Reached skill level 10 in Fighting
 15612 | Lair:1   | Got an iridescent great mace
 15613 | Lair:1   | Identified the cursed +0 great mace "Nowkap" {drain, +Inv rElec rC+ Str-4} (You found it on level 1 of the Lair of Beasts)
 16366 | Lair:1   | Learned a level 6 spell: Poisonous Cloud
 16397 | Lair:2   | Received a gift from Okawaru
 16584 | Lair:2   | Noticed a six-headed hydra
 16591 | Lair:2   | Killed a six-headed hydra
 16591 | Lair:2   | Reached skill level 1 in Poison Magic
 16591 | Lair:2   | Reached XP level 12. HP: 104/106 MP: 11/13
 16594 | Lair:2   | Reached skill level 1 in Spellcasting
 16697 | Lair:2   | Noticed a six-headed hydra
 16710 | Lair:2   | Noticed a seven-headed hydra
 16827 | Lair:2   | Reached skill level 12 in Crossbows
 16985 | Lair:2   | Killed a six-headed hydra
 17089 | Lair:2   | Killed a seven-headed hydra
 17270 | Lair:2   | Gained mutation: You have large cloven feet. [evolution]
 17655 | Lair:3   | Found a staircase to the Shoals.
 17878 | Lair:3   | Identified Alistair's Almanac of Envenoming
 18207 | Lair:3   | Noticed a seven-headed hydra
 18215 | Lair:3   | Killed a seven-headed hydra
 18215 | Lair:3   | Received a gift from Okawaru
 18363 | Lair:3   | Received a gift from Okawaru
 18684 | Lair:3   | Noticed Fannar
 18702 | Lair:3   | Killed Fannar
 19132 | Lair:3   | Gained mutation: You have a pair of small horns on your head. [evolution]
 19686 | Lair:4   | Found a frozen archway.
 19720 | Lair:4   | Received a gift from Okawaru
 19794 | IceCv    | Entered an ice cave
 20501 | IceCv    | Noticed an ice dragon
 20542 | IceCv    | Killed from afar by an ice dragon

Action                   |  1- 3 |  4- 6 |  7- 9 | 10-12 || total
-------------------------+-------+-------+-------+-------++-------
Melee: Short sword       |    58 |       |       |       ||    58
       Dagger            |    64 |   129 |   709 |   271 ||  1173
       Glaive            |       |       |       |   677 ||   677
       Trident           |       |       |       |    24 ||    24
 Fire: Hand crossbow     |       |    17 |    77 |   110 ||   204
Invok: Heroism           |       |       |       |     1 ||     1
 Abil: Breathe Noxious F |       |       |    12 |    23 ||    35
Evoke: Wand              |       |       |       |    12 ||    12
  Use: Potion            |       |     1 |     4 |     3 ||     8
       Scroll            |       |       |    12 |    16 ||    28
 Stab: Sleeping          |       |     2 |     2 |     3 ||     7
       Confused          |       |       |     5 |     5 ||    10
       Distracted        |       |       |     1 |       ||     1
  Eat: Chunk             |     1 |     5 |    18 |    25 ||    49
       Meat ration       |       |       |     1 |       ||     1
       Bread ration      |       |       |       |     4 ||     4
       Beef jerky        |       |       |       |     5 ||     5
       Pizza             |       |       |       |     1 ||     1
